 Dungeon Crawl Stone Soup version 0.28-a0-662-g1651b1f1e0 (webtiles) character file.

Game seed: 17137100252401203892

443920 ytrimaz the Slayer (level 24, -8/148 HPs)
             Began as a Formicid Fighter on Oct 14, 2021.
             Was a High Priest of Okawaru.
             Mangled by a spriggan defender simulacrum (21 damage)
             ... on level 2 of the Abyss.
             The game lasted 02:27:11 (49414 turns).

ytrimaz the Slayer (Formicid Fighter)              Turns: 49414, Time: 02:27:12

Health: -8/148     AC: 41    Str: 31 (32) XL:     24   Next: 99%
Magic:  21/23      EV: 10    Int:  9 (10) God:    Okawaru [*****.]
Gold:   1275       SH: 20    Dex:  4      Spells: 23/23 levels left

rFire   + + +      SeeInvis +   f - +9 broad axe of Tiegges {vamp, Dex+4}
rCold   + . .      Faith    .   x - +1 tower shield "Dumoq" {rElec Dex-4 SInv}
rNeg    + + +      Spirit   .   g - +10 crystal plate armour
rPois   +          Reflect  .   (helmet unavailable)
rElec   +          Harm     .   C - +0 cloak of Refuge {Fly rF+++ rCorr Dex-5}
rCorr   +          Rampage  .   I - +0 pair of gloves {Dex+3}
Will    ++...      Clarity  +   D - +2 pair of boots
Stlth   ..........              z - amulet of regeneration
HPRegen 0.00/turn               U - ring of Kaefiywn {Drain rPois rC+ rN+++ SInv}
MPRegen 0.18/turn               N - ring of the Blue Peach {rN+ Str+3 Int+6}

@: heroic, flying, inhibited regen, diseased, studying Crossbows, unable to read
A: permanent stasis, dig shafts and tunnels, antennae 3, four strong arms,
clarity, inability to read while threatened, [clumsy 2], [deformed body],
[deterioration 2], [dopey 2], [frail 3], low mp 1[+2], [inhibited regeneration],
[weak 2], [subdued magic 2]
}: 3/15 runes: barnacled, slimy, gossamer
a: Dig, Shaft Self, Renounce Religion, Heroism, Finesse, Duel


You were on level 2 of the Abyss.
You worshipped Okawaru.
Okawaru was extremely pleased with you.
You visited 11 branches of the dungeon, and saw 46 of its levels.
You visited the Abyss 3 times.
You visited 1 bazaar.
You also visited: Sewer and Gauntlet.

You collected 6683 gold pieces.
You spent 5408 gold pieces at shops.

Inventory:

Hand Weapons
 f - the +9 broad axe of Tiegges (weapon) {vamp, Dex+4}
   (You acquired it on level 3 of the Dungeon)

   It occasionally heals its wielder for a portion of the damage dealt when it
   wounds a living foe.
   Dex:       It affects your dexterity (+4).
 j - the +9 mace of War {holy, rF+ rC+ rCorr}
   (You found it on level 4 of the Shoals)

   It has been blessed by the Shining One to cause great damage to the undead
   and demons.
   rF:        It protects you from fire.
   rC:        It protects you from cold.
   rCorr:     It protects you from acid and corrosion.
 n - the +6 dire flail of Fett {venom, rCorr}
   (Okawaru gifted it to you on level 3 of the Elven Halls)

   It poisons the flesh of those it strikes.
   rCorr:     It protects you from acid and corrosion.
 K - a +9 executioner's axe of venom
 L - the +10 dark maul {vorpal}
   (You found it on level 14 of the Dungeon)

   It inflicts extra damage upon your enemies.
 Y - the +6 great mace "Corebot" {vorpal, Stlth+}
   (You bought it in a shop on level 2 of the Orcish Mines)

   It inflicts extra damage upon your enemies.
   Stlth:     It makes you more stealthy.
Armour
 g - a +10 crystal plate armour (worn)
 o - a +2 pair of gloves of stealth
 x - the +1 tower shield "Dumoq" (worn) {rElec Dex-4 SInv}
   (Okawaru gifted it to you on level 10 of the Dungeon)

   Dex:       It affects your dexterity (-4).
   rElec:     It insulates you from electricity.
   SInv:      It lets you see invisible.
 C - the +0 cloak of Refuge (worn) {Fly rF+++ rCorr Dex-5}
   (You found it in a Gauntlet)

   Dex:       It affects your dexterity (-5).
   rF:        It renders you almost immune to fire.
   Fly:       It grants you flight.
   rCorr:     It protects you from acid and corrosion.
 D - a +2 pair of boots (worn)
 G - +0 gold dragon scales
 I - a +0 pair of gloves of dexterity (worn)
Jewellery
 d - the ring of Qazlal's Condemnation {Fly rN+ Will+ Int-5}
   (You found it on level 5 of the Pits of Slime)

   [ring of flight]

   Int:       It affects your intelligence (-5).
   rN:        It protects you from negative energy.
   Fly:       It grants you flight.
   Will:      It increases your willpower.
 p - the ring "Waqat" {rF- Int+7 Dex+6}
   (You found it on level 5 of the Pits of Slime)

   [ring of dexterity]

   Int:       It affects your intelligence (+7).
   Dex:       It affects your dexterity (+6).
   rF:        It makes you vulnerable to fire.
 v - an amulet of guardian spirit
 z - an amulet of regeneration (around neck)
 A - a +6 ring of strength
 F - a +6 ring of dexterity
 N - the ring of the Blue Peach (right hand) {rN+ Str+3 Int+6}
   (You found it on level 3 of the Elven Halls)

   [ring of intelligence]

   Str:       It affects your strength (+3).
   Int:       It affects your intelligence (+6).
   rN:        It protects you from negative energy.
 O - the ring of Xuabbe {rF+ EV+4}
   (You found it on level 3 of the Elven Halls)

   [ring of evasion]

   EV:        It affects your evasion (+4).
   rF:        It protects you from fire.
 S - the ring "Roehaqo Ogiff" {Wiz rElec Will+ SInv Stlth+}
   (You found it on level 5 of the Pits of Slime)

   [ring of wizardry]

   It improves your spell success rate.
   rElec:     It insulates you from electricity.
   SInv:      It lets you see invisible.
   Will:      It increases your willpower.
   Stlth:     It makes you more stealthy.
 U - the ring of Kaefiywn (left hand) {Drain rPois rC+ rN+++ SInv}
   (You found it on level 5 of the Lair of Beasts)

   [ring of protection from cold]

   rC:        It protects you from cold.
   rPois:     It protects you from poison.
   rN:        It renders you almost immune to negative energy.
   SInv:      It lets you see invisible.
   Drain:     It drains your maximum health when unequipped.
 V - the necklace of Bloodlust {*Rage Will++ Int-3 Slay+6}
   (You found it on level 3 of the Elven Halls)

   [amulet of nothing]

   It extends the wearer's berserk rage when killing foes.
   Int:       It affects your intelligence (-3).
   Slay:      It affects your accuracy & damage with ranged weapons and melee
   (+6).
   *Rage:     It berserks you when you make melee attacks (+50% chance).
   Will:      It greatly increases your willpower.
 Z - the ring "Jiotior" {rF+ Will+ Int+3}
   (You bought it in a shop on level 2 of the Orcish Mines)

   [ring of protection from fire]

   Int:       It affects your intelligence (+3).
   rF:        It protects you from fire.
   Will:      It increases your willpower.
Wands
 b - a wand of polymorph (24)
 e - a wand of iceblast (22)
 t - a wand of flame (147)
 y - a wand of mindburst (29)
 B - a wand of paralysis (49)
 M - a wand of digging (8)
 W - a wand of acid (50)
Scrolls
 h - 9 scrolls of amnesia
 k - 9 scrolls of fog
 u - a scroll of enchant armour
 w - 2 scrolls of magic mapping
 E - 18 scrolls of identify
 P - 10 scrolls of fear
 Q - a scroll of silence
 T - 5 scrolls of noise
Potions
 a - 4 potions of attraction
 c - a potion of might
 i - 18 potions of ambrosia
 l - 6 potions of curing
 m - 7 potions of brilliance
 q - 2 potions of resistance
 r - 5 potions of lignification
 H - 5 potions of magic
 J - a potion of mutation
 R - a potion of invisibility
 X - 2 potions of cancellation


   Skills:
 * Level 22.5(27) Fighting
 - Level 0.3(5.7) Short Blades
 - Level 1.0(6.0) Long Blades
 - Level 16.0(25.5) Axes
 * Level 21.0(27) Maces & Flails
 - Level 1.0(6.0) Slings
 - Level 0.6(5.6) Bows
 - Level 0.8(5.8) Crossbows
 - Level 20.0(25.0) Armour
 * Level 11.8(16.8) Dodging
 + Level 16.0(21.0) Shields
 - Level 0.3 Conjurations
 - Level 0.8 Hexes
 - Level 0.6 Summonings
 - Level 0.7 Necromancy
 - Level 0.2 Translocations
 - Level 0.8 Transmutations
 - Level 0.7 Fire Magic
 - Level 1.0 Ice Magic
 - Level 0.8 Air Magic
 - Level 1.3 Earth Magic
 - Level 1.0 Poison Magic
 - Level 14.0 Invocations


You had 23 spell levels left.
You didn't know any spells.
Your spell library contained the following spells:

 Spells                   Type           Power      Damage    Failure   Level
 Sandblast                Erth           2%         2d4       73%         1
 Sting                    Tmut/Pois      4%         1d3       80%         1
 Pain                     Necr           0%         1d4       83%         1
 Shock                    Conj/Air       0%         1d3       83%         1
 Foxfire                  Conj/Fire      0%         2x1d4     85%         1
 Magic Dart               Conj           0%         1d3       87%         1
 Passwall                 Tmut/Erth      0%         N/A       89%         2
 Ensorcelled Hibernation  Hex/Ice        2%         N/A       90%         2
 Poisonous Vapours        Pois/Air       2%         N/A       90%         2
 Corpse Rot               Necr/Air       N/A        N/A       92%         2
 Scorch                   Fire           0%         2d5       92%         2
 Conjure Flame            Conj/Fire      0%         6-21      99%         3
 Frozen Ramparts          Ice            2%         1d2       99%         3
 Gell's Gravitas          Tloc           0%         N/A       99%         3
 Inner Flame              Hex/Fire       0%         N/A       99%         3
 Mephitic Cloud           Conj/Pois/Air  0%         N/A       99%         3
 Ozocubu's Armour         Ice            1%         N/A       99%         3
 Spider Form              Tmut/Pois      0%         N/A       99%         3
 Stone Arrow              Conj/Erth      0%         3d7       99%         3
 Teleport Other           Tloc           0%         N/A       99%         3
 Airstrike                Air            0%         N/A       100%        4
 Dispel Undead            Necr           0%         3d6       100%        4
 Flame Wave               Conj/Fire      0%         3d3       100%        4
 Fulminant Prism          Conj/Hex       0%         3d6       100%        4
 Hailstorm                Conj/Ice       0%         3d3       100%        4
 Ice Form                 Ice/Tmut       1%         N/A       100%        4
 Iskenderun's Mystic Bla  Conj/Tloc      0%         2d3       100%        4
 Olgreb's Toxic Radiance  Pois           1%         N/A       100%        4
 Agony                    Necr           0%         N/A       100%        5
 Alistair's Intoxication  Tmut/Pois      0%         N/A       100%        5
 Blade Hands              Tmut           0%         N/A       100%        5
 Borgnjor's Vile Clutch   Necr/Erth      0%         N/A       100%        5
 Excruciating Wounds      Necr           0%         N/A       100%        5
 Fireball                 Conj/Fire      0%         3d3       100%        5
 Irradiate                Conj/Tmut      0%         3d13      100%        5
 Iskenderun's Battlesphe  Conj           0%         2d6       100%        5
 Lee's Rapid Deconstruct  Erth           0%         3d5*      100%        5
 Manifold Assault         Tloc           0%         N/A       100%        5
 Metabolic Englaciation   Hex/Ice        0%         N/A       100%        5
 Conjure Ball Lightning   Conj/Air       0%         3x3d6     100%        6
 Dispersal                Tloc           0%         N/A       100%        6
 Eringya's Noxious Bog    Tmut/Pois      0%         N/A       100%        6
 Iron Shot                Conj/Erth      0%         9d1       100%        6
 Starburst                Conj/Fire      0%         6d3       100%        6
 Orb of Destruction       Conj           0%         N/A       100%        7
 Storm Form               Tmut/Air       0%         N/A       100%        7
 Borgnjor's Revivificati  Necr           0%         N/A       100%        8
 Discord                  Hex            0%         N/A       100%        8
 Disjunction              Tloc           0%         N/A       100%        8
 Ignition                 Fire           0%         3d3       100%        8
 Necromutation            Tmut/Necr      0%         N/A       100%        8
 Chain Lightning          Conj/Air       0%         N/A       100%        9
 Death's Door             Necr           0%         N/A       100%        9
 Call Imp                 Summ           Unusable   N/A       N/A         2
 Blink                    Tloc           Unusable   N/A       N/A         2
 Swiftness                Air            Unusable   N/A       N/A         3
 Animate Armour           Summ/Erth      Unusable   N/A       N/A         4
 Summon Ice Beast         Ice/Summ       Unusable   N/A       N/A         4
 Summon Forest            Summ/Tloc      Unusable   N/A       N/A         5
 Death Channel            Necr           Unusable   N/A       N/A         6
 Simulacrum               Ice/Necr       Unusable   N/A       N/A         6
 Summon Cactus Giant      Summ           Unusable   N/A       N/A         6
 Summon Hydra             Summ           Unusable   N/A       N/A         7

Dungeon Overview and Level Annotations

Branches:
Dungeon (15/15)            Temple (1/1) D:6            Lair (6/6) D:8
 Shoals (4/4) Lair:4       Spider (4/4) Lair:4        Slime (5/5) Lair:6
    Orc (2/2) D:12            Elf (3/3) Orc:2        Vaults (1/5) D:14
 Depths (4/4) D:15           Hell (visited)             Zot (0/5) Depths:4
  Sewer (visited)         Gauntlet (visited)
    Dis: Hell:1         Geh: Hell:1         Coc: Hell:1         Tar: Hell:1

Altars:
Ashenzari
Cheibriados
Dithmenos
Elyvilon
Fedhas
Gozag
Hepliaklqana
Kikubaaqudgha
Makhleb
Nemelex Xobeh
Okawaru
Qazlal
Ru
Sif Muna
Trog
Uskayaw
Vehumet
Wu Jian
Xom
Yredelemnul
Zin
The Shining One
Beogh
Jiyva

Shops:
D:10 :*   D:11 :   Orc:2 **(=   Elf:1 (*=*[   Elf:3 [*[   Shoals:1 *
Depths:1 ?:   Depths:4 =

Portals:
Hell: Depths:1 Depths:2 Depths:3 Depths:4
Abyss: Lair:5 Depths:1 Depths:2 Depths:3
Pandemonium: Orc:2 Depths:2 Depths:3
Ziggurat: Depths:3

Annotations:
Lair:6 exclusion: obsidian statue
Shoals:3 1 runed translucent door, Meemmurr's ghost, adept GnDe
Hell Geryon


Innate Abilities, Weirdness & Mutations

You cannot be hasted, slowed, berserked, paralysed or teleported.
You can dig through walls and to a lower floor.
You have a pair of large antennae on your head. (SInv)
Your four strong arms can wield two-handed weapons with a shield.
You possess an exceptional clarity of mind.
You sometimes lose the ability to read scrolls when taking damage.
[You are very clumsy. (Dex -4)]
[Armour fits poorly on your strangely shaped body.]
[Your body often deteriorates upon taking damage.]
[You are very dopey. (Int -4)]
[You are extremely frail. (-30% HP)]
[Your magical capacity is extremely low. (-30% MP)]
[You do not regenerate when monsters are visible.]
[You are very weak. (Str -4)]
[Your spells are easier to cast, but less powerful.]


Message History

A starcursed mass splits. x2
You slice the orange demon!!
The orange demon is almost dead.
You slash the flying skull! You slash the starcursed mass!
The starcursed mass shudders and is absorbed by its neighbour.
You block the flying skull's attack.
The wretched star pulses with an eldritch light!
You feel clumsy. x2
You block the orange demon's attack.
The orange demon hits you but does no damage.
You barely miss the orange demon.
The orange demon is almost dead.
You slash the flying skull!
You destroy the flying skull!
Okawaru accepts your kill.
A starcursed mass splits.
The wretched star pulses with an eldritch light!
Your body twists and deforms.
Your connection to magic feels subdued.
Your connection to magic feels more subdued.
Unknown command.
Unknown command.
You slice the starcursed mass!!
The starcursed mass is almost destroyed.
You slash the orange demon!
You kill the orange demon!
Okawaru accepts your kill.
You slash the starcursed mass!
You destroy the starcursed mass!
Okawaru accepts your kill.
The starcursed mass shudders and is absorbed by its neighbour.
A starcursed mass splits.
A cacophony of accursed wailing tears at your sanity!
* * * LOW HITPOINT WARNING * * *
Your stasis prevents you from being paralysed.
You gain the combat prowess of a mighty hero.
The spriggan defender simulacrum hits you.
* * * LOW HITPOINT WARNING * * *
The spriggan defender simulacrum freezes you!!
You resist.
You die...

. ยง. #..#. #. .
. . .. .# #. # .
3##. .#.# . ##. .
# # #?..## ..
[{#..# # #.....
.. #{ #.
#..##..#.# # .#
#.. {#Z .
.#..XX#####
.#....*XXX@.# .
...##...#.##Z#.##
# . #....


X3#.XzX ... ## ##.#...#.# #### .......#.####NZ #.#.#.#.## .# ... #. .... ## ...
# ..#. .. ## You could see 8 starcursed masses, a naga warrior, a wretched star,
a smoke demon, a flying skull, a spriggan defender simulacrum and a shadow
dragon skeleton.

Vanquished Creatures
  the Royal Jelly (Slime:5)
  A juggernaut (Depths:2)
  6 caustic shrikes
  3 golden dragons
  Jory (Depths:3)
  A bone dragon (Abyss:1)
  A tentacled monstrosity (Depths:4)
  A lich (Vaults:1)
  2 deep elf blademasters
  3 deep elf master archers
  22 acid blobs
  2 titans (Depths:2)
  An Executioner (Abyss:1)
  5 tentacled starspawn
  A kraken (Shoals:2)
  11 sphinxes
  3 storm dragons
  A draconian monk (Depths:4)
  A shadow dragon (Depths:3)
  2 tengu reavers (Depths:3)
  5 fire giants
  6 frost giants
  14 rockslimes
  12 azure jellies
  6 ghost moths
  2 balrugs (Depths:3)
  2 vault wardens (Vaults:1)
  4 emperor scorpions (Spider:4)
  An orc warlord (Orc:2)
  A spriggan defender (Depths:3)
  The ghost of Xoagute the Eclecticist, an adept DEFE of Sif Muna (Shoals:1)
  7 very ugly things
  3 deep elf elementalists
  7 quicksilver oozes
  11 stone giants
  A reaper (Depths:3)
  2 draconian stormcallers (Depths:4)
  The ghost of Dittersdorf the Tortoise, a journeyman GrFi of Okawaru (Orc:2)
  4 dire elephants (Lair:6)
  2 minotaurs
  An entropy weaver (Spider:1)
  5 deep elf demonologists
  A lorocyproca (Depths:2)
  2 green draconians (Depths:4)
  3 vampire knights
  A black draconian (Depths:4)
  8 deep elf annihilators
  10 spark wasps
  A purple draconian (Depths:4)
  9 ettins
  The ghost of Buqosi the Gelid, a journeyman BaIE of Vehumet (Lair:5)
  6 deep elf death magi
  4 merfolk javelineers
  6 merfolk impalers
  2 jiangshi (Abyss:2)
  3 deep elf high priests
  2 yaktaur captains
  24 hydras
  11 ice dragons
  A rakshasa (Depths:2)
  2 demonspawn (Orc:2)
  14 great orbs of eyes
  13 fire dragons
  2 vault guards (D:14)
  3 boulder beetles
  A great orb of eyes (shapeshifter) (Lair:5)
  An ogre mage (D:15)
  A catoblepas (D:15)
  A merfolk aquamancer (Shoals:1)
  2 spriggan air magi
  An alligator snapping turtle (Shoals:3)
  4 centaur warriors
  6 merfolk avatars
  6 tengu warriors
  17 two-headed ogres
  13 satyrs
  Urug (Lair:2)
  6 death yaks (Lair:6)
  6 hell hogs
  8 deep troll earth magi
  2 spriggan berserkers
  6 deep troll shamans
  22 dancing weapons
  A vampire mage (Abyss:2)
  A spectral dire elephant (Lair:6)
  4 thrashing horrors (Abyss:2)
  6 orc high priests
  9 iron trolls
  6 hell knights
  7 sun demons
  14 deep elf knights
  A soul eater (Depths:3)
  4 wretched stars
  2 spatial maelstroms
  2 fire crabs
  4 skeletal warriors (D:14)
  A spectral anaconda (Lair:6)
  A spectral death yak (Lair:6)
  6 sea snakes
  An ironbound convoker (Vaults:1)
  4 glowing orange brains
  4 flayed ghosts
  A death drake (Abyss:2)
  16 deep trolls
  2 wizards
  5 orc knights
  11 deep elf archers
  31 wolf spiders
  24 deep elf pyromancers
  30 deep elf zephyrmancers
  25 harpies
  10 necromancers
  16 ugly things
  3 spectral merfolk (Shoals:1)
  21 orb spiders
  4 worldbinders
  6 shining eyes
  8 orc sorcerers
  14 fauns
  4 cyclopes
  A dire elephant zombie (Lair:6)
  18 manticores
  Maurice (Orc:2)
  A moth of wrath (Spider:2)
  4 black mambas
  15 elephants
  3 rust devils
  6 water nymphs
  12 smoke demons
  An eye of devastation (Slime:4)
  An apocalypse crab (Abyss:2)
  4 orange demons
  9 merfolk sirens
  A vault sentinel (Vaults:1)
  2 gargoyles
  3 rime drakes
  15 cane toads
  6 komodo dragons
  An unseen horror (D:12)
  A yaktaur (D:14)
  8 demonic crawlers
  A freezing wraith (D:14)
  2 tengu conjurers
  2 ancient zymes (Abyss:2)
  2 ice devils (Depths:2)
  5 trolls
  28 merfolk
  28 jumping spiders
  3 meliai (Spider:2)
  3 red devils
  A queen bee (shapeshifter) (Depths:1)
  A polar bear (Lair:3)
  A meliai (shapeshifter) (D:14)
  10 hornets
  2 queen bees (Spider:2)
  A wolf spider simulacrum (D:15)
  A spectral manticore (Shoals:1)
  10 blink frogs
  14 raiju
  3 wind drakes
  61 slime creatures
  4 dream sheep (Shoals:4)
  7 snapping turtles
  2 spectral elephants (Lair:6)
  9 large abominations
  30 tarantellas
  A dire elephant simulacrum (Abyss:2)
  100 redbacks
  3 flying skulls (Abyss:2)
  3 air elementals
  A spectral wind drake (Shoals:1)
  3 centaur simulacra
  Sigmund (D:4)
  2 ynoxinuls
  3 shadows
  A spriggan (Lair:5)
  A fire bat (Shoals:1)
  A tarantella (shapeshifter) (Depths:1)
  A spriggan simulacrum (Abyss:1)
  7 wraiths
  4 wyverns
  51 yaks
  18 humans (D:14)
  10 basilisks
  18 water elementals
  A death yak simulacrum (Lair:6)
  6 chaos spawn
  A golden eye (Slime:5)
  9 vampire mosquitoes
  3 fire elementals
  A sea snake simulacrum (Shoals:1)
  2 neqoxecs
  Edmund (D:4)
  A spectral cane toad (Lair:6)
  3 wargs
  A hell hound (Elf:2)
  14 small abominations
  10 water moccasins
  2 elephant zombies (Lair:6)
  3 ice beasts
  A sky beast (D:8)
  35 orc warriors
  A black bear (Lair:1)
  A necrophage (D:6)
  7 ogres
  23 starcursed masses
  2 merfolk simulacra (Shoals:1)
  2 boggarts (Gauntlet)
  18 wolves
  2 phantoms
  20 centaurs
  5 kobold brigands
  A wyvern zombie (D:8)
  6 bullfrogs
  4 scorpions
  A cane toad simulacrum (Lair:6)
  3 earth elementals
  39 killer bees
  2 manticore simulacra (Shoals:1)
  6 wights
  6 electric eels
  2 howler monkeys
  2 centaur zombies
  4 crimson imps (Gauntlet)
  2 bullfrog zombies
  A quasit (Abyss:1)
  5 hounds
  3 centaur skeletons
  A bullfrog skeleton (D:6)
  6 gnoll shamans
  25 orc priests
  2 jellies
  3 iron imps
  An iguana (D:5)
  15 orc wizards
  A lightning spire (Gauntlet)
  4 hell rats (Lair:5)
  A killer bee zombie (D:8)
  A hound skeleton (D:3)
  3 howler monkey zombies
  14 gnolls
  14 adders
  5 river rats
  3 white imps
  5 ufetubi
  11 worms
  3 dart slugs
  64 orcs
  8 endoplasms
  6 giant cockroaches
  3 goblins
  11 hobgoblins
  3 jackals (D:2)
  15 kobolds
  3 quokkas
  10 ball pythons
  8 bats
  3 frilled lizards
  13 rats
  2 starspawn tentacles (Abyss:2)
1811 creatures vanquished.

Vanquished Creatures (others)
  A deep elf blademaster (Elf:3)
  A deep elf death mage (Elf:3)
  A deep elf knight (Elf:2)
  4 deep elf zephyrmancers
  A merfolk siren (Shoals:1)
  A demonic crawler (Spider:3)
  2 raiju (Abyss:2)
  2 jumping spiders
  A fire elemental (Elf:1)
  3 small abominations (Abyss:2)
  2 killer bees (Spider:2)
  An orc (Orc:2)
  13 demonic plants (Gauntlet)
  22 fungi
  2 lurking horrors (Abyss:2)
  103 plants
  20 starspawn tentacles
  8 tentacles (Shoals:2)
  32 withered plants (Lair:6)
220 creatures vanquished.

Grand Total: 2031 creatures vanquished

Notes
Turn   | Place    | Note
-------+----------+-------------------------------------------
     0 | D:1      | ytrimaz the Formicid Fighter began the quest for the Orb.
     0 | D:1      | Reached XP level 1. HP: 18/18 MP: 1/1
   164 | D:1      | Reached XP level 2. HP: 21/24 MP: 2/2
   436 | D:1      | Found a faded altar of an unknown god.
   637 | D:1      | Reached XP level 3. HP: 24/29 MP: 3/3
  1220 | D:2      | Reached XP level 4. HP: 23/37 MP: 4/4
  1697 | D:2      | Reached XP level 5. HP: 31/42 MP: 5/5
  1927 | D:3      | Identified a scroll of acquirement
  1928 | D:3      | Acquired the +9 broad axe of Tiegges {vamp, Dex+4}
  1983 | D:3      | Found a burning altar of Makhleb.
  2046 | D:3      | Found an ornate altar of the Wu Jian Council.
  2353 | D:3      | Reached XP level 6. HP: 48/48 MP: 6/6
  2407 | D:3      | Found a glowing drain.
  2416 | Sewer    | Entered a sewer
  2697 | Sewer    | Reached skill level 5 in Axes
  2947 | Sewer    | Reached skill level 4 in Fighting
  2955 | Sewer    | Reached XP level 7. HP: 35/54 MP: 7/7
  3665 | D:4      | Found a glowing silver altar of Zin.
  3725 | D:4      | Noticed Edmund
  3733 | D:4      | Killed Edmund
  3734 | D:4      | Reached XP level 8. HP: 60/60 MP: 8/8
  3747 | D:4      | Noticed Sigmund
  3759 | D:4      | Killed Sigmund
  4059 | D:5      | Entered Level 5 of the Dungeon
  4278 | D:5      | Identified the +7 scale mail of Eteteliu {rPois rC+ SInv}
  4357 | D:5      | Reached skill level 5 in Armour
  4379 | D:5      | Noticed a yak
  4379 | D:5      | Noticed a yak
  4385 | D:5      | Noticed a yak
  4385 | D:5      | Noticed a yak
  4429 | D:5      | Killed a yak
  4432 | D:5      | Killed a yak
  4433 | D:5      | Reached XP level 9. HP: 63/66 MP: 9/9
  4439 | D:5      | Reached skill level 5 in Fighting
  4439 | D:5      | Reached skill level 10 in Axes
  5028 | D:6      | Found an iron altar of Okawaru.
  5036 | D:6      | Became a worshipper of Warmaster Okawaru
  5418 | D:6      | Found a staircase to the Ecumenical Temple.
  5428 | D:6      | Reached * piety under Okawaru
  5439 | Temple   | Entered the Ecumenical Temple
  5989 | D:7      | Reached XP level 10. HP: 74/74 MP: 10/10
  6046 | D:7      | Reached skill level 5 in Shields
  6090 | D:7      | Reached skill level 1 in Invocations
  6203 | D:7      | Reached ** piety under Okawaru
  6207 | D:7      | Reached skill level 6 in Fighting
  6694 | D:8      | Noticed an elephant
  6695 | D:8      | Found a staircase to the Lair.
  6717 | D:8      | Killed an elephant
  7010 | D:8      | Reached skill level 7 in Fighting
  7105 | D:8      | Reached *** piety under Okawaru
  7162 | D:8      | Found a broken altar of Ashenzari.
  7208 | D:8      | Noticed a two-headed ogre
  7216 | D:8      | Killed a two-headed ogre
  7217 | D:8      | Reached skill level 5 in Invocations
  7558 | D:8      | Reached XP level 11. HP: 66/84 MP: 15/15
  7784 | D:8      | Reached **** piety under Okawaru
  7954 | D:8      | Reached skill level 8 in Fighting
  8307 | Lair:1   | Entered Level 1 of the Lair of Beasts
  8643 | D:9      | Found a hide-covered altar of Uskayaw.
  8730 | D:9      | Noticed a two-headed ogre
  8743 | D:9      | Killed a two-headed ogre
  8743 | D:9      | Reached ***** piety under Okawaru
  8744 | D:9      | Reached skill level 9 in Fighting
  8997 | D:9      | Identified the +0 ring mail "Sucvi" {Harm Dex+4 SInv}
  9278 | D:10     | Entered Level 10 of the Dungeon
  9282 | D:10     | Found an ancient bone altar of Kikubaaqudgha.
  9303 | D:10     | Found Reaprer's Overcharged Wands.
  9325 | D:10     | Found Hunwacsiza's Book Shoppe.
  9366 | D:10     | Found a shimmering blue altar of Sif Muna.
  9512 | D:10     | Noticed a two-headed ogre
  9525 | D:10     | Killed a two-headed ogre
  9525 | D:10     | Identified the +1 tower shield "Dumoq" {rElec Dex-4 SInv}
                  | (Okawaru gifted it to you on level 10 of the Dungeon)
  9525 | D:10     | Received a gift from Okawaru
  9668 | D:10     | Reached skill level 10 in Fighting
 10092 | D:11     | Found Meunug's Book Boutique.
 10129 | D:11     | Noticed an eight-headed hydra
 10157 | D:11     | Killed a 14-headed hydra
 10175 | D:11     | Noticed a two-headed ogre
 10180 | D:11     | Killed a two-headed ogre
 10181 | D:11     | Reached skill level 10 in Armour
 10181 | D:11     | Reached XP level 12. HP: 94/98 MP: 13/17
 10183 | D:11     | Found a gate leading to a gauntlet.
 10206 | Gauntlet | Entered a Gauntlet
 10206 | Gauntlet | Found a transporter.
 10206 | Gauntlet | Found a transporter.
 10210 | Gauntlet | Found a transporter.
 10210 | Gauntlet | Found a transporter.
 10233 | Gauntlet | Found a transporter.
 10238 | Gauntlet | Found a transporter.
 10238 | Gauntlet | Found a transporter.
 10241 | Gauntlet | Found a transporter.
 10268 | Gauntlet | Found a transporter.
 10275 | Gauntlet | Found a transporter.
 10293 | Gauntlet | Found a transporter.
 10326 | Gauntlet | Found a transporter.
 10340 | Gauntlet | Found a transporter.
 10432 | Gauntlet | Found a transporter.
 10443 | Gauntlet | Found a transporter.
 10459 | Gauntlet | Found a transporter.
 10654 | Gauntlet | Noticed a goliath frog
 11149 | Gauntlet | Noticed a minotaur
 11167 | Gauntlet | Killed a minotaur
 11172 | Gauntlet | Identified the +0 cloak of Refuge {Fly rF+++ rCorr Dex-5}
 11669 | D:11     | Found a hazy altar of Hepliaklqana.
 11873 | D:11     | Reached skill level 11 in Fighting
 12411 | D:12     | Found a staircase to the Orcish Mines.
 12483 | D:12     | Identified the +1 robe "Jonaiqiamm" {rC+ rN+ Int-4}
 12635 | D:12     | Received a gift from Okawaru
 12857 | D:12     | Noticed a seven-headed hydra
 12869 | D:12     | Killed a 13-headed hydra
 13071 | D:13     | Noticed a centaur warrior
 13105 | D:13     | Reached XP level 13. HP: 96/106 MP: 16/19
 13106 | D:13     | Killed a centaur warrior
 13106 | D:13     | Received a gift from Okawaru
 13145 | D:13     | Reached skill level 10 in Shields
 13429 | D:13     | Found a burning altar of Makhleb.
 13430 | D:13     | Noticed a blizzard demon
 13568 | D:13     | Noticed a boulder beetle
 13579 | D:13     | Killed a boulder beetle
 13646 | D:13     | Noticed an eight-headed hydra
 13667 | D:13     | Killed a 20-headed hydra
 13668 | D:13     | Reached skill level 12 in Fighting
 14245 | D:14     | Noticed a boulder beetle
 14266 | D:14     | Killed a boulder beetle
 14534 | D:14     | Noticed a seven-headed hydra
 14548 | D:14     | Killed a 15-headed hydra
 14615 | D:14     | Noticed a centaur warrior
 14633 | D:14     | Killed a centaur warrior
 14771 | D:14     | Reached skill level 10 in Invocations
 14791 | D:14     | Found the +10 dark maul {vorpal}
 14833 | D:14     | Reached XP level 14. HP: 115/116 MP: 21/21
 14875 | D:14     | Acquired a +0 executioner's axe of freezing
 14904 | D:14     | Found a gate to the Vaults.
 14914 | D:14     | Reached skill level 1 in Maces & Flails
 14940 | D:14     | Identified the +1 robe of Hubris {rC- rN+ Will+ Str+3
                  | Int+4}
 15057 | D:15     | Entered Level 15 of the Dungeon
 15072 | D:15     | Received a gift from Okawaru
 15073 | D:15     | Reached skill level 13 in Fighting
 15210 | D:15     | Identified the +0 leather armour of the Armoured One {rElec
                  | rCorr Dex+2}
 15590 | D:15     | Received a gift from Okawaru
 15631 | D:15     | Reached skill level 15 in Shields
 15636 | D:15     | Found a staircase to the Depths.
 17044 | Lair:2   | Reached XP level 15. HP: 125/125 MP: 16/23
 17112 | Lair:2   | Reached skill level 14 in Fighting
 17113 | Lair:2   | Identified the +1 chain mail of the Shoals {Harm Will-
                  | Int+4} (Okawaru gifted it to you on level 2 of the Lair of
                  | Beasts)
 17113 | Lair:2   | Received a gift from Okawaru
 17631 | Lair:2   | Noticed Urug
 17648 | Lair:2   | Killed Urug
 17707 | Lair:2   | You are sucked into a shaft and drop 2 floors!
 17752 | Lair:4   | Reached skill level 5 in Maces & Flails
 17826 | Lair:4   | Found a hole to the Spider Nest.
 18053 | Lair:4   | Found a staircase to the Shoals.
 18631 | Lair:5   | Acquired 604 gold pieces
 18666 | Lair:5   | Reached skill level 15 in Fighting
 18691 | Lair:5   | Acquired 784 gold pieces
 18867 | Lair:5   | Found a transporter.
 18912 | Lair:5   | Found a one-way gate to the infinite horrors of the Abyss.
 18947 | Lair:5   | Noticed Buqosi's ghost (journeyman BaIE)
 18966 | Lair:5   | Found a transporter.
 19426 | Lair:5   | Cast into level 1 of the Abyss (spriggan)
 19427 | Abyss:1  | Found a corrupted altar of Lugonu.
 20373 | Abyss:1  | Noticed a bone dragon
 20376 | Abyss:1  | Noticed a tentacled starspawn
 20395 | Abyss:1  | Killed a bone dragon
 20423 | Abyss:1  | Noticed a tentacled starspawn
 20424 | Abyss:1  | Noticed an Executioner
 20426 | Abyss:1  | Noticed a tentacled starspawn
 20438 | Abyss:1  | Killed an Executioner
 20439 | Abyss:1  | Reached XP level 16. HP: 78/137 MP: 25/25
 20466 | Abyss:1  | Killed a tentacled starspawn
 20559 | Abyss:1  | Noticed a tentacled starspawn
 20568 | Abyss:1  | Killed a tentacled starspawn
 20579 | Abyss:1  | Received a gift from Okawaru
 20585 | Abyss:1  | Reached skill level 16 in Fighting
 20596 | Lair:5   | Escaped the Abyss
 20614 | Lair:5   | Killed Buqosi's ghost
 20660 | Lair:5   | Identified the ring of Kaefiywn {Drain rPois rC+ rN+++
                  | SInv}
 20724 | Lair:6   | Entered Level 6 of the Lair of Beasts
 20724 | Lair:6   | Found a viscous altar of Jiyva.
 20724 | Lair:6   | Found a staircase to the Slime Pits.
 21036 | Lair:6   | Received a gift from Okawaru
 21152 | Lair:6   | Reached skill level 17 in Fighting
 22155 | Lair:3   | Found a shimmering blue altar of Sif Muna.
 23078 | Orc:1    | Entered Level 1 of the Orcish Mines
 23215 | Orc:2    | Entered Level 2 of the Orcish Mines
 23215 | Orc:2    | Noticed Maurice
 23221 | Orc:2    | Killed Maurice
 23261 | Orc:2    | Found a staircase to the Elven Halls.
 23324 | Orc:2    | Found Loqiniok's General Store.
 23348 | Orc:2    | Found Baw Unge's General Store.
 23425 | Orc:2    | Reached XP level 17. HP: 148/148 MP: 27/27
 23536 | Orc:2    | Reached skill level 18 in Fighting
 23550 | Orc:2    | Found Sixteus's Jewellery Boutique.
 23550 | Orc:2    | Found Ozxu's Antique Weapon Shop.
 23556 | Orc:2    | Found a one-way gate leading to the halls of Pandemonium.
 23570 | Orc:2    | Bought a transparent great mace for 356 gold pieces
 23570 | Orc:2    | Identified the +6 great mace "Corebot" {vorpal, Stlth+}
                  | (You bought it in a shop on level 2 of the Orcish Mines)
 23572 | Orc:2    | Bought the ring "Jiotior" {rF+ Will+ Int+3} for 746 gold
                  | pieces
 23619 | Orc:2    | Bought a scroll of enchant armour for 112 gold pieces
 23962 | Orc:2    | Found a gateway to a bazaar.
 23974 | Bazaar   | Entered a bazaar
 23974 | Bazaar   | Found Jeagih's Antique Armour Shop.
 23974 | Bazaar   | Found Gatwugyibb's Distillery.
 23993 | Bazaar   | Bought a potion of mutation for 104 gold pieces
 24001 | Bazaar   | Found Enlysh's Antique Weapon Shop.
 24222 | Orc:2    | Found a transporter.
 24234 | Orc:2    | Found a transporter.
 24236 | Orc:2    | Identified the +6 great mace of the Everdark {drain, rC+
                  | rN+}
 24239 | Orc:2    | Noticed Dittersdorf's ghost (journeyman GrFi)
 24268 | Arena    | Entered the Arena
 24295 | Arena    | Identified the +1 chain mail of the First Ships {rPois
                  | Str+8 Dex-2} (Okawaru gifted it to you in the Arena)
 24295 | Arena    | Received a gift from Okawaru
 24328 | Orc:2    | Killed Dittersdorf's ghost
 24537 | Elf:1    | Entered Level 1 of the Elven Halls
 24730 | Elf:1    | Got the Almanac of Confrontation
 24865 | Elf:1    | Found Varch's Jewellery Shop.
 24883 | Elf:1    | Found Dyusuqas's General Store.
 25068 | Elf:1    | Found Sinkaozy's Antique Armour Emporium.
 25071 | Elf:1    | Found Aseisch's Assorted Antiques.
 25087 | Elf:1    | Reached skill level 15 in Armour
 25237 | Elf:1    | Reached skill level 10 in Maces & Flails
 25310 | Elf:1    | Found Neatyow's Weapon Shop.
 25324 | Elf:1    | Noticed a deep elf blademaster
 25324 | Elf:1    | Noticed a deep elf master archer
 25351 | Elf:1    | Killed a deep elf blademaster
 25361 | Elf:1    | Killed a deep elf master archer
 25890 | Elf:2    | Reached XP level 18. HP: 150/157 MP: 21/28
 26007 | Elf:2    | Identified the +2 shortbow "Tinuif" {flame, Int-5 Dex+6}
                  | (Okawaru gifted it to you on level 2 of the Elven Halls)
 26007 | Elf:2    | Received a gift from Okawaru
 26129 | Elf:2    | Found a runed translucent gate.
 26154 | Elf:2    | Found a runed translucent gate.
 26155 | Elf:2    | Found a runed translucent gate.
 26171 | Elf:2    | Reached skill level 1 in Dodging
 26412 | Elf:2    | Reached ****** piety under Okawaru
 26467 | Elf:2    | Received a gift from Okawaru
 27491 | Elf:3    | Entered Level 3 of the Elven Halls
 27555 | Arena    | Entered the Arena
 27630 | Elf:2    | Noticed a Hell Sentinel
 27633 | Elf:2    | Noticed an Executioner
 27750 | Elf:3    | Identified the +6 dire flail of Fett {venom, rCorr}
                  | (Okawaru gifted it to you on level 3 of the Elven Halls)
 27750 | Elf:3    | Received a gift from Okawaru
 27818 | Elf:3    | Reached XP level 19. HP: 163/163 MP: 29/29
 27818 | Elf:3    | Found Wollousm's Assorted Antiques.
 27831 | Elf:3    | Found Nerghu Acob's Antique Armour Boutique.
 28405 | Elf:3    | Found Lanoh's Armour Emporium.
 28819 | Elf:3    | Noticed a deep elf blademaster
 28875 | Elf:3    | Identified the +1 robe of the Devil's Advocate {Fly rElec
                  | rCorr}
 28877 | Elf:3    | Killed a deep elf blademaster
 28911 | Arena    | Entered the Arena
 29177 | Elf:3    | Noticed a Tzitzimitl
 29182 | Elf:3    | Noticed a Tzitzimitl
 29185 | Elf:3    | Received a gift from Okawaru
 29245 | Elf:3    | Found the necklace of Bloodlust {*Rage Will++ Int-3 Slay+6}
 29248 | Elf:3    | Noticed a deep elf blademaster
 29260 | Elf:3    | Killed a deep elf blademaster
 29272 | Elf:3    | Identified the +1 leather armour of Gingyuruty {Int+5}
 29285 | Elf:3    | Identified the +2 chain mail "Nisoaly" {+Blink rF+ rC+
                  | Stlth+}
 29307 | Elf:3    | Identified the +8 hand crossbow "Raf Tiq" {vorpal, rElec
                  | Will++ Dex+5}
 29308 | Elf:3    | Identified the +5 chain mail of Sediedem {Str+4}
 29309 | Elf:3    | Identified the ring of the Blue Peach {rN+ Str+3 Int+6}
 29311 | Elf:3    | Identified the +8 mace of Ficeuwn Suock {vorpal, Dex+4}
 29318 | Elf:3    | Identified the ring of Xuabbe {rF+ EV+4}
 29415 | Elf:3    | Bought a crystal plate armour for 2560 gold pieces
 29745 | Spider:1 | Entered Level 1 of the Spider Nest
 30985 | Spider:2 | Received a gift from Okawaru
 31498 | Spider:3 | Reached XP level 20. HP: 170/170 MP: 30/30
 32138 | Spider:4 | Entered Level 4 of the Spider Nest
 32841 | Spider:4 | Reached skill level 15 in Axes
 32942 | Spider:4 | Got a gossamer rune of Zot
 33162 | Spider:1 | Identified the +2 leather armour "Yfu Dit" {rPois MP+9
                  | Stlth+}
 33230 | Shoals:1 | Entered Level 1 of the Shoals
 33313 | Slime:1  | Entered Level 1 of the Pits of Slime
 33649 | Slime:1  | Gained mutation: Potions are less effective at restoring
                  | your health. [a shining eye]
 33914 | Slime:1  | Lost mutation: Potions are less effective at restoring your
                  | health. [potion of mutation]
 33914 | Slime:1  | Gained mutation: You expend magic power (3 MP) to
                  | strengthen your wands. [potion of mutation]
 33951 | Slime:1  | Received a gift from Okawaru
 34680 | Slime:4  | Reached XP level 21. HP: 177/177 MP: 15/31
 34777 | Slime:3  | Reached skill level 1 in Earth Magic
 34777 | Slime:3  | Gained mutation: [You are dopey. (Int -2)] [a shining eye]
 34780 | Slime:3  | Gained mutation: You occasionally shout uncontrollably at
                  | your foes. [a shining eye]
 34781 | Slime:3  | Gained mutation: [Your body sometimes deteriorates upon
                  | taking damage.] [a shining eye]
 34792 | Slime:3  | Lost mutation: You occasionally shout uncontrollably at
                  | your foes. [potion of mutation]
 34792 | Slime:3  | Lost mutation: [Your body sometimes deteriorates upon
                  | taking damage.] [potion of mutation]
 34792 | Slime:3  | Gained mutation: You are strong-willed. (Will+) [potion of
                  | mutation]
 34792 | Slime:3  | Gained mutation: You have hidden genetic defects. [potion
                  | of mutation]
 35062 | Slime:4  | Received a gift from Okawaru
 35240 | Slime:5  | Entered Level 5 of the Pits of Slime
 35247 | Slime:5  | Gained mutation: [You are clumsy. (Dex -2)] [a shining eye]
 35249 | Slime:5  | Gained mutation: [Your spells are a little easier to cast,
                  | but a little less powerful.] [a shining eye]
 35410 | Slime:5  | Reached skill level 1 in Ice Magic
 35447 | Slime:4  | Reached skill level 1 in Poison Magic
 35683 | Slime:5  | Reached skill level 1 in Long Blades
 35683 | Slime:5  | Reached skill level 1 in Slings
 35688 | Slime:5  | Gained mutation: [You are frail. (-10% HP)] [hidden
                  | defects]
 35694 | Slime:5  | Lost mutation: [You are frail. (-10% HP)] [potion of
                  | mutation]
 35694 | Slime:5  | Lost mutation: [You are clumsy. (Dex -2)] [potion of
                  | mutation]
 35694 | Slime:5  | Gained mutation: Your muscles are strong. (Str +2) [potion
                  | of mutation]
 35694 | Slime:5  | Gained mutation: You are partially covered in large bone
                  | plates. (SH +4) [potion of mutation]
 35831 | Slime:5  | Reached skill level 15 in Maces & Flails
 36255 | Slime:5  | Found a viscous altar of Jiyva.
 36255 | Slime:5  | Noticed the Royal Jelly
 36289 | Slime:4  | Reached skill level 5 in Dodging
 36773 | Slime:5  | Killed the Royal Jelly
 36788 | Slime:5  | Gained mutation: You sometimes lose the ability to read
                  | scrolls when taking damage. [hidden defects]
 36788 | Slime:5  | Lost mutation: You have hidden genetic defects. [hidden
                  | defects expressed]
 36855 | Slime:5  | Lost mutation: You are strong-willed. (Will+) [potion of
                  | mutation]
 36855 | Slime:5  | Lost mutation: [Your spells are a little easier to cast,
                  | but a little less powerful.] [potion of mutation]
 36855 | Slime:5  | Lost mutation: You expend magic power (3 MP) to strengthen
                  | your wands. [potion of mutation]
 36855 | Slime:5  | Gained mutation: You have an increased reservoir of magic.
                  | (+10% MP) [potion of mutation]
 36855 | Slime:5  | Lost mutation: Your muscles are strong. (Str +2) [potion of
                  | mutation]
 36867 | Slime:5  | Got a slimy rune of Zot
 36868 | Slime:5  | Identified the ring "Waqat" {rF- Int+7 Dex+6}
 36877 | Slime:5  | Identified the +7 battleaxe "Spiderbane" {drain, Dex+4}
 36883 | Slime:5  | Identified the +10 plate armour of Mezcal {+Blink Str-4
                  | Int+6}
 36901 | Slime:5  | Identified the +6 plate armour of Proximity {rF- Regen+
                  | SInv}
 36948 | Slime:5  | Identified the ring "Roehaqo Ogiff" {Wiz rElec Will+ SInv
                  | Stlth+}
 36952 | Slime:5  | Identified the ring of Qazlal's Condemnation {Fly rN+ Will+
                  | Int-5}
 37038 | Slime:5  | Lost mutation: You have an increased reservoir of magic.
                  | (+10% MP) [potion of mutation]
 37038 | Slime:5  | Lost mutation: You are partially covered in large bone
                  | plates. (SH +4) [potion of mutation]
 37038 | Slime:5  | Gained mutation: [Your spells are a little easier to cast,
                  | but a little less powerful.] [potion of mutation]
 37038 | Slime:5  | Gained mutation: Your flesh is heat resistant. (rF+)
                  | [potion of mutation]
 37290 | Shoals:1 | Identified the +1 robe of the Curious Eyes {Int+3}
 37637 | Shoals:1 | Found a runed translucent gate.
 37637 | Shoals:1 | Found a runed translucent gate.
 37637 | Shoals:1 | Found a runed translucent gate.
 37638 | Shoals:1 | Noticed Xoagute's ghost (adept DEFE)
 37657 | Shoals:1 | Killed Xoagute's ghost
 37657 | Shoals:1 | Identified the +0 flail of Wondrous Power {protect, rN+}
                  | (Okawaru gifted it to you on level 1 of the Shoals)
 37657 | Shoals:1 | Received a gift from Okawaru
 37700 | Shoals:1 | Lost mutation: [You are dopey. (Int -2)] [potion of
                  | mutation]
 37700 | Shoals:1 | Lost mutation: [Your spells are a little easier to cast,
                  | but a little less powerful.] [potion of mutation]
 37700 | Shoals:1 | Lost mutation: Your flesh is heat resistant. (rF+) [potion
                  | of mutation]
 37700 | Shoals:1 | Gained mutation: You possess an exceptional clarity of
                  | mind. [potion of mutation]
 37759 | Shoals:1 | Identified the +0 ring mail of the Watchman {rPois Will+
                  | Int-4}
 38060 | Shoals:1 | Found Paxzuch's Assorted Antiques.
 38394 | Shoals:2 | Reached XP level 22. HP: 184/184 MP: 27/32
 38898 | Shoals:2 | Received a gift from Okawaru
 39813 | Shoals:3 | Found a runed translucent door.
 40010 | Shoals:3 | Found a shimmering altar of Xom.
 40010 | Shoals:3 | Noticed Meemmurr's ghost (adept GnDe)
 40010 | Shoals:3 | Identified the +0 glaive "Ysytoar" {chaos, Dex+4}
 40038 | Shoals:4 | Entered Level 4 of the Shoals
 40241 | Shoals:4 | Found the +10 Black Knight's barding {ponderous, rPois rN+}
 40435 | Shoals:4 | Cast into level 2 of the Abyss (faun)
 40435 | Abyss:2  | Found a corrupted altar of Lugonu.
 41050 | Shoals:4 | Escaped the Abyss
 41098 | Shoals:4 | Got a barnacled rune of Zot
 41233 | Shoals:4 | Identified the +9 mace of War {holy, rF+ rC+ rCorr}
 41867 | Vaults:1 | Entered Level 1 of the Vaults
 41945 | Vaults:1 | Reached skill level 10 in Dodging
 42123 | Depths:1 | Entered Level 1 of the Depths
 42237 | Depths:1 | Received a gift from Okawaru
 42359 | Depths:1 | Found a gateway to Hell.
 42537 | Depths:1 | Reached XP level 23. HP: 184/190 MP: 33/33
 42780 | Depths:1 | Found Raschuux's Self-Improvement Boutique.
 42816 | Depths:1 | Bought a manual of Fighting for 1440 gold pieces
 42981 | Depths:1 | Found Keasom's Magic Scroll Shoppe.
 42989 | Depths:1 | Bought a scroll of enchant armour for 90 gold pieces
 43349 | Depths:2 | Identified the +1 mace of Absolution {elec, rC- Int+3
                  | Dex+8} (Okawaru gifted it to you on level 2 of the Depths)
 43349 | Depths:2 | Received a gift from Okawaru
 44636 | Depths:2 | You are sucked into a shaft and drop 2 floors!
 44636 | Depths:4 | Entered Level 4 of the Depths
 44733 | Depths:2 | Identified the +4 great mace "Ox" {vorpal, rN+ Str+2 SInv}
 44733 | Depths:2 | Identified the +4 great mace "Roze" {spect, rF+}
 44758 | Depths:2 | Noticed a juggernaut
 44763 | Depths:2 | Killed a juggernaut
 44763 | Depths:2 | Received a gift from Okawaru
 44764 | Depths:2 | Reached skill level 19 in Fighting
 44999 | Depths:2 | Noticed a caustic shrike
 45002 | Depths:2 | Killed a caustic shrike
 45007 | Depths:2 | Identified the +2 crystal plate armour "Urusatu" {*Slow
                  | Will+ MP+9 Dex+2}
 46167 | Depths:3 | Lost dexterity.
 46188 | Depths:3 | Found a gateway to a ziggurat.
 46382 | Depths:3 | Lost dexterity.
 46478 | Depths:3 | Noticed Jory
 46480 | Depths:3 | Noticed a golden dragon
 46503 | Depths:3 | Killed Jory
 46504 | Depths:3 | Reached skill level 20 in Fighting
 46513 | Depths:3 | Reached XP level 24. HP: 129/204 MP: 29/33
 46540 | Depths:3 | Noticed a golden dragon
 46558 | Depths:3 | Noticed a caustic shrike
 46559 | Depths:3 | Killed a golden dragon
 46579 | Depths:3 | Killed a caustic shrike
 46586 | Depths:3 | Killed a golden dragon
 46647 | Depths:3 | Received a gift from Okawaru
 46934 | Depths:3 | Received a gift from Okawaru
 46948 | Depths:3 | Reached skill level 21 in Fighting
 47358 | Depths:4 | Found a blossoming altar of Fedhas.
 47426 | Depths:4 | Noticed a caustic shrike
 47432 | Depths:4 | Noticed a caustic shrike
 47432 | Depths:4 | Noticed a caustic shrike
 47432 | Depths:4 | Noticed a caustic shrike
 47433 | Depths:4 | Killed a caustic shrike
 47438 | Depths:4 | Killed a caustic shrike
 47440 | Depths:4 | Killed a caustic shrike
 47444 | Depths:4 | Killed a caustic shrike
 47597 | Depths:4 | Noticed a golden dragon
 47611 | Depths:4 | Killed a golden dragon
 47635 | Depths:4 | Found a gate to the Realm of Zot.
 47730 | Depths:4 | Found Xorchukae's Jewellery Boutique.
 47878 | Depths:4 | Received a gift from Okawaru
 47879 | Depths:4 | Reached skill level 22 in Fighting
 48340 | Hell     | Entered the Vestibule of Hell
 48340 | Hell     | Noticed Geryon
 48892 | Vaults:1 | Cast into level 2 of the Abyss (a wizard)
 49381 | Abyss:2  | Gained mutation: [Your magical capacity is low. (-10% MP)]
                  | [a neqoxec]
 49414 | Abyss:2  | Mangled by a spriggan defender simulacrum

Illustrated notes

Levels and vault maps discovered:
D:1:      amcnicky_arrival_flooded_fountain, layout_loops_cross,
          shapermc_ecumenical_altar_petra, serial_rivers,
          chequers_serial_rivers_micro_c, chequers_serial_rivers_room_b,
          chequers_serial_rivers_micro_a, chequers_serial_rivers_small_b,
          minmay_tall_x
D:2:      layout_basic
D:3:      layout_loops_ring, mainiacjoe_overflow_catwalk,
          mainiacjoe_overflow_tiny_flanked, lightli_sewer_entry_pipes,
          grunt_ministairs_12
D:4:      layout_cave_pools, lemuel_round_altar, sigmund_edmund_badplayer
D:5:      layout_gridville, minmay_misc_feat_columns
D:6:      minmay_diamond_boxcup, layout_gridville, kennysheep_okawaru_gauntlet,
          minmay_temple_entry_butterflies
D:7:      layout_basic
D:8:      kennysheep_seaside_town, layout_cave_pods,
          mainiacjoe_overflow_surrounded_room, david_lair_generic,
          kennysheep_generic_room_15
D:9:      layout_basic, general_overflow_altar, serial_park_tiny_pond
D:10:     layout_loops_ring, mainiacjoe_overflow_cross_hatched,
          mainiacjoe_overflow_boulevard, serial_shops, nicolae_take_the_stairs,
          nicolae_shop_overcharged_wands
D:11:     layout_irregular_city, gauntlet_entry_generic, serial_shops, shop,
          nicolae_hepliaklqana_hippocampus
D:12:     layout_roguey, minmay_orc_entry_temple_small
D:13:     layout_roguey, makhleb_altar_promises_db
D:14:     layout_irregular_city, grunt_vaults_entry_tiered,
          grunt_decor_junction, serial_bayou, serial_bayou_shore_b,
          serial_bayou_shore_b, serial_bayou_ford_a, serial_bayou_pond_c
D:15:     grunt_enter_depths_hoard, layout_long_grid, hangedman_decor_opposing
Temple:   eino_temple_water
Lair:1:   layout_cellular_growth
Lair:2:   layout_roguey, uniq_urug
Lair:3:   layout_regular_city, basic_altar
Lair:4:   layout_regular_city, minmay_shoals_entry_centaurs,
          spider_nest_entry_funnel_web, grunt_forest_small_clearing_treed,
          infiniplex_staircase_pool
Lair:5:   layout_hall_layers, gammafunk_ghost_abyssal_escape
Lair:6:   due_jungle_book, layout_regular_city, slime_altar_1,
          nicolae_quartered_pool_super, fungi_pond_lemuel, serial_bayou_shore_b
Shoals:1: layout_shoals, serial_shops, nicolae_lakefront_shop,
          gammafunk_ghost_necromancy, hangedman_shoal_volcano
Shoals:2: nicolae_shoals_island_circles, layout_shoals,
          nicolae_shoals_water_elemental_grotto
Shoals:3: layout_shoals, ebering_ghost_xom
Shoals:4: shoals_end_hellmonk_lost_city, serial_shops
Spider:1: layout_spider_delve, nicolae_spider_nooks_and_crannies
Spider:2: layout_spider_delve, special_room [special_room_bee], drop_trap,
          hive_lemuel
Spider:3: layout_spider_delve, spiders_nest_spider_trap
Spider:4: grunt_spider_rune_parallel
Slime:1:  layout_caves, cheibrodos_slime_lost_civilization_7
Slime:2:  layout_caves
Slime:3:  layout_caves
Slime:4:  layout_caves
Slime:5
Orc:1:    layout_caves, serial_shops
Orc:2:    pf_orc_diabolical, layout_caves, serial_shops, bzr_firewalk,
          gammafunk_ghost_smash, uniq_maurice
Elf:1:    layout_gridlike, serial_shops, shop, nicolae_shop_window_shopping,
          shop, shop, shop, minmay_elf_annihilation, nicolae_elf_martial_mastery
Elf:2:    elven_hall_of_blades_hangedman_original
          [nicolae_blade_entry_area_security], layout_gridlike, special_room
          [special_room_mythical_zoo]
Elf:3:    elf_hall_gauntlet_wide, layout_geoelf_octagon, serial_shops,
          shop_fountains, shop, nicolae_diamond_shop
Vaults:1: vaults_room_glass_cross, ontoclasm_vaults_chip,
          nicolae_vaults_alarming, v_misc_25, ontoclasm_vaults_gateway,
          v_pattern_3, hangedman_vaults_stitches, dpeg_vaults_monster_row,
          ontoclasm_vaults_loading_screen, layout_vaults_big_room, serial_shops,
          shop_statue
Depths:1: layout_gridlike, minmay_misc_feat_alley, hell_entry, abyss_entry,
          serial_shops, shop, minivault_14, nicolae_shop_self_help
Depths:2: minmay_the_grid_octo_triangle [minmay_the_grid_octo_teeth,
          minmay_the_grid_octo_prize_single_spiral,
          minmay_the_grid_octo_toaster], layout_basic, hell_entry,
          grunt_pan_entry_in_and_out, chequers_hall_statues_corner_a,
          abyss_entry, chequers_serial_rivers_small_b,
          hellmonk_guarded_unrand_dark_maul, infiniplex_staircase_zigzag_1
Depths:3: minmay_blocking_statues, layout_basic, enter_ziggurat_f, hellmouth_2,
          abyss_entry, pan_entry, infiniplex_staircase_river,
          serial_bayou_shore_b, uniq_jory
Depths:4: grunt_zot_entry_bicorn, layout_long_grid, serial_shops, shop,
          fedhas_altar_1, hell_entry, serial_bayou_shore_a, grunt_megastairs_5
Hell
Abyss:2:  base: D:13, minivault_1, evilmike_abyss_exit_chaos, base:
Vaults:5

Skill      XL: |  1  2  3  4  5  6  7  8  9 10 11 12 13 14 15 16 17 18 19 20 21 22 23 24 |
---------------+-------------------------------------------------------------------------+-----
Shields        | 4 5 9 13 15 16 | 16.0
Axes           | 3 4 5 7 9 11 12 16 | 16.0
Armour         | 4 5 7 10 11 12 13 15 18 20 | 20.0
Fighting       | 4 5 7 10 11 12 13 15 17 18 20 22 | 22.5
Invocations    | 5 7 8 10 11 12 13 14 | 14.0
Maces & Flails | 4 6 7 10 11 12 13 16 18 20 21 | 21.0
Dodging        | 2 3 7 10 11 | 11.8
Earth Magic    | 1 |  1.3
Ice Magic      | 1 |  1.0
Poison Magic   | 1 |  1.0
Long Blades    | 1 |  1.0
Slings         | 1 |  1.0
Short Blades   | |  0.3
Bows           | |  0.6
Crossbows      | |  0.8
Conjurations   | |  0.3
Hexes          | |  0.8
Summonings     | |  0.6
Necromancy     | |  0.7
Translocations | |  0.2
Transmutations | |  0.8
Fire Magic     | |  0.7
Air Magic      | |  0.8

Action                   |  1- 3 |  4- 6 |  7- 9 | 10-12 | 13-15 | 16-18 | 19-21 | 22-24 || total
-------------------------+-------+-------+-------+-------+-------+-------+-------+-------++-------
Melee: War axe           |    93 |    62 |       |       |       |       |       |       ||   155
       Broad axe         |       |   100 |   126 |   444 |   746 |  1257 |  1436 |   731 ||  4840
       Executioner's axe |       |       |       |       |    20 |       |       |   138 ||   158
       Maul              |       |       |       |       |     8 |     9 |     5 |   379 ||   401
       Battleaxe         |       |       |       |       |       |    46 |       |       ||    46
       Mace              |       |       |       |       |       |       |       |    56 ||    56
       Dire flail        |       |       |       |       |       |       |       |    14 ||    14
Invok: Heroism           |       |       |       |     8 |    15 |    16 |    14 |    19 ||    72
       Finesse           |       |       |       |     4 |    12 |    10 |     6 |    11 ||    43
       Duel              |       |       |       |       |       |     2 |     1 |       ||     3
 Abil: Dig               |     3 |     2 |     3 |     1 |     8 |     4 |     7 |    12 ||    40
  Use: Scroll            |     1 |     6 |     8 |     8 |    13 |     7 |    12 |     5 ||    60
       Potion            |       |       |       |     1 |     1 |    15 |     8 |     2 ||    27
 Stab: Confused          |       |       |       |     1 |       |       |       |       ||     1
Armor: Scale mail        |    45 |       |    55 |   288 |   435 |   279 |       |       ||  1102
       Chain mail        |    25 |    64 |       |       |       |       |       |       ||    89
       Plate armour      |       |    45 |    21 |       |       |   371 |    77 |       ||   514
       Crystal plate arm |       |       |       |       |       |       |  1270 |  1169 ||  2439
Dodge: Dodged            |    54 |    60 |    63 |   224 |   462 |   481 |   545 |   448 ||  2337
Block: Buckler           |    38 |    43 |    41 |    84 |       |       |       |       ||   206
       Tower shield      |       |       |       |   199 |   936 |  1186 |  1635 |  1304 ||  5260

Table legend: (Time is in decaauts)
 A = Elapsed time spent in this place.
 B = Non-inter-level travel time spent in this place.
 C = Inter-level travel time spent in this place.
 D = Time resting spent in this place.
 E = Time spent auto-exploring this place.
 F = Levels seen in this place.
 G = Mean time per level.
                   A        B        C        D        E       F      G
               +--------+--------+--------+--------+--------+-----+--------+
         Total |  48947 |  44898 |   4049 |   5008 |  23554 |  56 |  874.1 |
       Dungeon |  15448 |  13716 |   1732 |    570 |   9298 |  15 | 1029.9 |
        Temple |    245 |    243 |      2 |      0 |    199 |   1 |  245.0 |
          Lair |   6246 |   5420 |    826 |     29 |   3775 |   6 | 1041.0 |
        Shoals |   3790 |   3402 |    388 |     39 |   2110 |   4 |  947.5 |
   Spider Nest |   3320 |   3220 |    100 |     81 |   1516 |   4 |  830.0 |
    Slime Pits |   3731 |   3619 |    112 |   1298 |   1063 |   5 |  746.2 |
  Orcish Mines |   1426 |   1244 |    182 |     21 |    587 |   2 |  713.0 |
   Elven Halls |   4633 |   4404 |    229 |    885 |   1195 |   3 | 1544.3 |
        Vaults |    235 |    226 |      9 |     22 |     43 |   1 |  235.0 |
        Depths |   5644 |   5178 |    466 |    553 |   2637 |   4 | 1411.0 |
          Hell |      1 |      1 |      0 |      0 |      0 |   1 |    1.0 |
         Abyss |   2328 |   2328 |      0 |   1156 |    320 |   4 |  582.0 |
        Bazaar |     55 |     55 |      0 |      0 |      0 |   1 |   55.0 |
         Sewer |    658 |    658 |      0 |      0 |    460 |   1 |  658.0 |
      Gauntlet |   1064 |   1064 |      0 |    304 |    350 |   1 | 1064.0 |
         Arena |    118 |    118 |      0 |     49 |      0 |   3 |   39.3 |
               +--------+--------+--------+--------+--------+-----+--------+

Top non-repeatable levels by time:
Depths:2: 2054 daAuts
     D:8: 1825 daAuts
   Elf:3: 1799 daAuts
   Elf:2: 1602 daAuts
    D:14: 1388 daAuts
  Lair:6: 1367 daAuts
Depths:1: 1344 daAuts
   Orc:2: 1286 daAuts
   Elf:1: 1231 daAuts
 Slime:4: 1227 daAuts
  Lair:4: 1185 daAuts
 Abyss:2: 1171 daAuts
 Abyss:1: 1149 daAuts
     D:1: 1148 daAuts
Depths:4: 1133 daAuts
